 Dungeon Crawl Stone Soup version 0.30-a0-583-g19bae12e61 (webtiles) character file.

Game seed: 1635339270387880604

257 Citaku the Ducker (level 5, -6/30 (38) HPs)
             Began as a Demonspawn Wanderer on Jan 1, 2023.
             Was a Priest of Jiyva.
             Mangled by a wight
             ... wielding a +3 trident
              (10 damage)
             ... on level 6 of the Dungeon.
             The game lasted 00:10:12 (2749 turns).

Citaku the Ducker (Demonspawn Wanderer)             Turns: 2749, Time: 00:10:13

HP:   -6/30 (38)    AC:  6    Str: 14    XL:     5   Next: 93%
MP:   6/6           EV: 12    Int: 14    God:    Jiyva [***...]
Gold: 129           SH:  0    Dex: 12    Spells: 6/6 levels left

rFire   + . .      SeeInvis .    g - +1 broad axe (vamp)
rCold   . . .      Faith    .    (no shield)
rNeg    . . .      Spirit   .    h - +0 ring mail
rPois   .          Reflect  .    c - +0 helmet
rElec   .          Harm     .    (no cloak)
rCorr   +          Rampage  .    (no gloves)
Will    .....                    (no boots)
Stlth   +                        (no amulet)
HPRegen 1.37/turn                a - ring of protection from fire
MPRegen 0.45/turn                (no ring)

@: about to teleport, heavily drained
A: molten scales 1, pseudopods 3, jelly absorbing missiles
a: Renounce Religion, Oozemancy


You were on level 6 of the Dungeon.
You worshipped Jiyva.
Jiyva was most pleased with you.
You visited 1 branch of the dungeon, and saw 4 of its levels.

You collected 129 gold pieces.

Inventory:

Hand Weapons
 g - a +1 vampiric broad axe (weapon)
Missiles
 b - 3 throwing nets (quivered)
Armour
 c - a +0 helmet (worn)
 h - a +0 ring mail (worn)
Magical Staves
 n - a staff of cold
Jewellery
 a - a ring of protection from fire (left hand)
Wands
 m - a wand of light (6)
Scrolls
 i - a scroll of amnesia {unknown}
 l - 3 scrolls of enchant weapon {unknown}
Potions
 d - a potion of haste
 f - a potion of cancellation
 j - 2 potions of lignification
 k - a potion of curing {unknown}


   Skills:
 + Level 2.2 Fighting
 + Level 1.3 Short Blades
 + Level 2.3 Axes
 + Level 1.0 Throwing
 + Level 2.3 Armour
 + Level 5.3 Dodging
 + Level 0.6 Stealth
 + Level 1.0 Spellcasting
 + Level 1.1 Necromancy
 + Level 1.0 Evocations


You had 6 spell levels left.
You didn't know any spells.
Your spell library contained the following spells:

 Spells                   Type           Power      Damage    Failure   Level
 Sublimation of Blood     Necr           3%         N/A       45%         2
 Cigotuvi's Dreadful Rot  Necr/Pois/Air  2%         N/A       56%         2
 Animate Dead             Necr           3%         N/A       97%         4
 Borgnjor's Vile Clutch   Necr/Erth      1%         N/A       100%        5
 Death Channel            Necr           1%         N/A       100%        6


Dungeon Overview and Level Annotations

Branches:
Dungeon (3/15)

Altars:
Cheibriados
Fedhas
Jiyva


Innate Abilities, Weirdness & Mutations

You are partially covered in molten scales. (AC +2)
Armour fits poorly on your massive pseudopods.
You have a small jelly attached to you that may absorb projectiles.


Message History

You see here a +0 mace.
Jiyva gurgles merrily.
You see here a +0 mace.
You hear a distant slurping noise.
You hear a distant slurping noise. x2
You hear a distant slurping noise.
You hear a distant slurping noise.
Jiyva gurgles merrily.
You hear a distant slurping noise.
You hear a distant slurping noise.
You hear a distant slurping noise.
You hear a squelching noise. 2 wights come into view.
A wight is wielding a +0 dire flail of draining.
Press: ? - help, v - describe, . - travel A rock wall.
The wight closely misses you. The wight misses you.
You barely miss the wight.
The wight hits you from afar with a +3 trident!
You feel drained. The wight closely misses you. The wight misses you. x2
You barely miss the wight. Your bludgeon misses the wight.
You closely miss the wight. The wight barely misses you.
The wight hits you with a +0 dire flail of draining!
You feel drained.
You hit the wight.
The wight is lightly damaged.
You closely miss the wight.
The wight hits you with a +0 dire flail of draining.
You feel drained. The wight hits you with a +3 trident.
You feel drained. The wight hits you with a +3 trident!
* * * LOW HITPOINT WARNING * * *
You feel drained.
* * * LOW HITPOINT WARNING * * *
The wight completely misses you.
As you read the scroll of teleportation, it crumbles to dust.
You feel strangely unstable. The wight closely misses you.
The wight barely misses you. The wight attacks as you move away!
The wight closely misses you.
The wight hits you from afar with a +3 trident!
You die...

.#####..........J....
...#................
.....<.............
...#......J..#..#
.####.....#.....#
.......#..##....###
#####.###.#..#....## #
##.###.J..#..z..###
####..#.##.....#@.z..#
...#.....#...#.###..##
......#.....#### ..##
###<.##........ #.##
#.##........... .z
...##...JJ...# #.#
#...........## ##
##.........##
....##..####


You could see 2 wights and a neutral jelly (wandering) (fellow slime).

Vanquished Creatures
  A phantom (D:6)
  An electric eel (D:6)
  An orc priest (D:6)
  An orc wizard (D:6)
  Robin (D:2)
  2 adders
  A dart slug (D:1)
  4 orcs
  A ball python (D:2)
  An endoplasm (D:1)
  3 giant cockroaches
  10 goblins
  8 hobgoblins
  7 jackals (D:1)
  3 quokkas (D:1)
  3 bats
  2 frilled lizards
  4 kobolds (D:1)
  8 rats
62 creatures vanquished.

Vanquished Creatures (others)
  An orc priest (D:6)
  A jelly (D:6)
  Terence (D:2)
  An orc wizard (D:6)
  An endoplasm (D:2)
  4 orcs (D:6)
  2 bats (D:2)
  2 goblins (D:2)
  A hobgoblin (D:2)
  A ball python (D:2)
  2 frilled lizards
  A rat (D:2)
  3 plants (D:1)
21 creatures vanquished.

Grand Total: 83 creatures vanquished

Notes
Turn   | Place    | Note
-------+----------+-------------------------------------------
     0 | D:1      | Citaku the Demonspawn Wanderer began the quest for the Orb.
     0 | D:1      | Citaku set off with the following items: a +0 dagger, 3
                  | throwing nets, 11 poisoned darts, a +0 leather armour, a
                  | scroll of teleportation; and the following spells available
                  | to memorise: Sublimation of Blood, Cigotuvi's Dreadful Rot.
     0 | D:1      | Reached XP level 1. HP: 15/15 MP: 2/2
   198 | D:1      | Gained mutation: You are partially covered in molten
                  | scales. (AC +2) [demonic ancestry]
   198 | D:1      | Reached XP level 2. HP: 21/21 MP: 3/3
   486 | D:1      | Reached skill level 5 in Dodging
   791 | D:1      | Found a faded altar of an unknown god.
   825 | D:1      | Prayed at the altar of an unknown god.
   825 | D:1      | Became a worshipper of Jiyva Jidawkax the Shapeless
   825 | D:1      | Reached * piety under Jiyva
   843 | D:1      | Reached XP level 3. HP: 25/26 MP: 4/4
   884 | D:1      | Reached skill level 1 in Short Blades
  1568 | D:2      | Reached ** piety under Jiyva
  1704 | D:2      | Noticed Robin
  1715 | D:2      | Killed Robin
  1716 | D:2      | Reached skill level 1 in Armour
  1722 | D:2      | Reached XP level 4. HP: 32/32 MP: 5/5
  1970 | D:2      | Reached *** piety under Jiyva
  2070 | D:2      | Killed Terence
  2404 | D:3      | You fall into a shaft and drop 3 floors!
  2435 | D:6      | Noticed a phantom
  2451 | D:6      | Killed a phantom
  2452 | D:6      | Reached skill level 1 in Axes
  2452 | D:6      | Reached XP level 5. HP: 38/38 MP: 6/6
  2585 | D:6      | Gained mutation: Armour fits poorly on your pseudopods.
                  | [Jiyva's grace]
  2585 | D:6      | Gained mutation: Armour fits poorly on your large
                  | pseudopods. [Jiyva's grace]
  2585 | D:6      | Gained mutation: Armour fits poorly on your massive
                  | pseudopods. [Jiyva's grace]
  2585 | D:6      | Gained mutation: You have a small jelly attached to you
                  | that may absorb projectiles. [Jiyva's grace]
  2602 | D:6      | Found a blossoming altar of Fedhas.
  2602 | D:6      | Found a snail-covered altar of Cheibriados.
  2747 | D:6      | HP: 1/30 [wight/+3 trident (5)]
  2749 | D:6      | Mangled by a wight

Illustrated notes

Levels and vault maps discovered:
D:1:      lightli_arrival_statuegarden, layout_loops_corners,
          dreamdust_ecumenical_altar_statues
D:2:      layout_loops_corners, hex_tiny, uniq_robin, uniq_terence
D:3:      layout_rooms, serial_shops, nicolae_shop_waterfront, uniq_ijyb
D:6:      nicolae_cairo_tiling_large, layout_cave_pools,
          nicolae_overflow_two_pavilions, minmay_temple_entry_enclosed_plants

Skill      XL: |  1  2  3  4  5 |
---------------+----------------+-----
Dodging        | 5 |  5.3
Short Blades   | 1 |  1.3
Armour         | 1 2 |  2.3
Axes           | 1 2 |  2.3
Fighting       | 2 |  2.2
Throwing       | |  1.0
Stealth        | |  0.6
Spellcasting   | |  1.0
Necromancy     | |  1.1
Evocations     | |  1.0

Action                   |  1- 3 |  4- 6 || total
-------------------------+-------+-------++-------
Melee: Dagger            |   229 |       ||   229
       Punch             |     4 |       ||     4
       Broad axe         |    17 |    66 ||    83
Invok: Oozemancy         |       |     1 ||     1
  Use: Scroll            |     2 |     2 ||     4
       Potion            |     2 |       ||     2
Armor: Leather armour    |    20 |       ||    20
       Ring mail         |   122 |    38 ||   160
Dodge: Dodged            |   226 |    43 ||   269

Table legend: (Time is in decaauts)
 A = Elapsed time spent in this place.
 B = Non-inter-level travel time spent in this place.
 C = Inter-level travel time spent in this place.
 D = Time resting spent in this place.
 E = Time spent auto-exploring this place.
 F = Levels seen in this place.
 G = Mean time per level.
                   A        B        C        D        E       F      G
               +--------+--------+--------+--------+--------+-----+--------+
         Total |   2799 |   2799 |      0 |     65 |   1299 |   4 |  699.8 |
       Dungeon |   2799 |   2799 |      0 |     65 |   1299 |   4 |  699.8 |
               +--------+--------+--------+--------+--------+-----+--------+

Top non-repeatable levels by time:
     D:1: 1280 daAuts
     D:2: 1081 daAuts
     D:6: 365 daAuts
     D:3: 71 daAuts
